 Dungeon Crawl Stone Soup version 0.30.1-4-g462c640d31 (webtiles) character file.

Game seed: 12013301130729116327

152356 Kranky the Slayer (level 17, -1/173 HPs)
             Began as a Minotaur Berserker on Aug 13, 2023.
             Was the Champion of Trog.
             Slain by a moth of wrath simulacrum (21 damage)
             ... on level 2 of the Spider Nest.
             The game lasted 01:04:13 (30518 turns).

Kranky the Slayer (Minotaur Berserker)             Turns: 30518, Time: 01:04:15

Health: -1/173     AC: 34    Str: 36    XL:     17   Next: 2%
Magic:  5/5        EV: 15    Int:  4    God:    Trog [******]
Gold:   2503       SH:  5    Dex: 18    Spells: 16/16 levels left

rFire   + . .        C - +8 bardiche of Trog's Envy {antimagic, rPois Dex+5}
rCold   . . .        (shield currently unavailable)
rNeg    . . .        W - +3 plate armour {rF+}
rPois   +            e - +2 hood of the Assassin {Detect Stab+ Stlth++}
rElec   .            Y - +1 cloak {Will+}
rCorr   .            y - +2 pair of gloves {Dex+3}
SInv    +            R - +2 pair of boots
Will    ++++.        q - amulet of reflection Stlth
                     n - +6 ring of strength
HPRegen 1.48/turn    V - ring of see invisible
MPRegen 0.09/turn

%: reflection
@: strong-willed, regenerating
A: horns 2, retaliatory headbutt, subdued magic 1
a: Renounce Religion, Berserk, Trog's Hand, Brothers in Arms


You were on level 2 of the Spider Nest.
You worshipped Trog.
Trog was exalted by your worship.
You visited 4 branches of the dungeon, and saw 24 of its levels.
You also visited: Ossuary, Gauntlet, Ice Cave and Volcano.

You collected 2743 gold pieces.
You spent 240 gold pieces at shops.

Inventory:

Hand Weapons
 k - a +4 antimagic demon trident
 C - the +8 bardiche of Trog's Envy (weapon) {antimagic, rPois Dex+5}
   (Trog gifted it to you in a Gauntlet)

   Dex:       It affects your dexterity (+5).
   rPois:     It protects you from poison.
 O - the +0 sling "Yngali Elui" {heavy, rElec Str+5 Int+8 Stlth-}
   (You found it on level 6 of the Dungeon)

   Str:       It affects your strength (+5).
   Int:       It affects your intelligence (+8).
   rElec:     It insulates you from electricity.
   Stlth:     It makes you less stealthy.
Missiles
 b - 3 throwing nets (quivered)
Armour
 e - the +2 hood of the Assassin (worn) {Detect Stab+ Stlth++}
   (You found it in a Gauntlet)

   Detect:    It allows the wearer to sense nearby creatures.
   Stab+:     It allows the wearer to make particularly effective stabbing
   attacks against helpless or unaware enemies with any weapon.
   Stlth:     It makes you much more stealthy.
 y - a +2 pair of gloves of dexterity (worn)
 I - +0 ice dragon scales
 R - a +2 pair of boots (worn)
 S - a +0 buckler
 W - a +3 plate armour of fire resistance (worn)
 Y - a +1 cloak of willpower (worn)
Jewellery
 n - a +6 ring of strength (left hand)
 o - a ring of resist corrosion
 p - a ring of fire
 q - an amulet of reflection (around neck)
 z - a ring of magical power
 V - a ring of see invisible (right hand)
 X - a ring of positive energy
Wands
 a - a wand of flame (50)
 F - a wand of paralysis (14)
 L - a wand of polymorph (17)
 P - a wand of light (9)
 Q - a wand of mindburst (10)
 U - a wand of roots (12)
Scrolls
 c - a scroll of silence
 d - 12 scrolls of vulnerability
 h - 3 scrolls of blinking
 i - 14 scrolls of teleportation
 l - 2 scrolls of fog
 r - 2 scrolls of enchant armour
 u - 5 scrolls of fear
 w - a scroll of magic mapping
 B - 2 scrolls of butterflies
 E - 5 scrolls of poison
 N - 14 scrolls of identify
 T - a scroll of brand weapon
Potions
 f - 14 potions of curing
 j - 4 potions of invisibility
 m - 2 potions of magic
 s - 6 potions of might
 t - 2 potions of ambrosia
 v - 4 potions of mutation
 x - a potion of haste
 A - 3 potions of cancellation
 D - 4 potions of flight
 G - 2 potions of berserk rage
 Z - 2 potions of resistance
Miscellaneous
 g - a phantom mirror
 H - a condenser vane


   Skills:
 + Level 21.3 Fighting
 + Level 19.3 Polearms
 + Level 19.1 Armour
 - Level 10.0 Dodging
 - Level 10.0 Shields
 - Level 8.0 Evocations


You had 16 spell levels left.
You didn't know any spells.
Your spell library was empty.

Dungeon Overview and Level Annotations

Branches:
Dungeon (15/15)            Temple (0/1) D:6            Lair (5/5) D:8
 Shoals (0/4) Lair:3       Spider (2/4) Lair:2        Slime (0/5) Lair:5
    Orc (2/2) D:12            Elf (0/3) Orc:2        Vaults (0/5) D:14
 Depths (0/4) D:15        Ossuary (visited)           IceCv (visited)
Volcano (visited)         Gauntlet (visited)

Altars:
Cheibriados
Elyvilon
Fedhas
Gozag
Kikubaaqudgha
Makhleb
Nemelex Xobeh
Okawaru
Qazlal
Ru
Sif Muna
Uskayaw
Yredelemnul

Shops:
D:4 *   Orc:2 (*?!

Annotations:
D:10 1 runed translucent door


Innate Abilities, Weirdness & Mutations

You have a pair of horns on your head.
You reflexively headbutt those who attack you in melee.
Your spells are a little easier to cast, but a little less powerful.


Message History

You headbutt the jumping spider simulacrum.
The jumping spider simulacrum bites you but does no damage.
The jumping spider pounces on you but does no damage.
The jumping spider bites you but does no damage.
The moth of wrath bites you but does no damage.
The jumping spider attacks as you move away!
The jumping spider barely misses you. x2
Your deep troll bites the moth of wrath!!
The moth of wrath dies!
Trog accepts your kill.
A freezing mist starts to gather...
The jumping spider misses you.
The jumping spider bites you but does no damage.
A moth of wrath simulacrum comes into view.
You hit the jumping spider. You headbutt the jumping spider!
The jumping spider is severely wounded.
You block the jumping spider's attack. x2
A jumping spider comes into view.
The jumping spider simulacrum pounces on you but does no damage.
The jumping spider simulacrum barely misses you.
The jumping spider closely misses you. You furiously retaliate!
You headbutt the jumping spider!
The jumping spider bites you but does no damage.
Your deep troll bites the jumping spider simulacrum but does no damage.
Your deep troll claws the jumping spider simulacrum.
Your deep troll claws the jumping spider simulacrum!
The moth of wrath simulacrum bites you but does no damage.
The jumping spider's many legs skitter faintly.
You slash the jumping spider!
You kill the jumping spider!
Trog accepts your kill.
The jumping spider simulacrum pounces on your deep troll!
The jumping spider simulacrum freezes your deep troll!!
The jumping spider simulacrum bites your deep troll but does no damage.
Your deep troll bites the jumping spider simulacrum!!
The jumping spider simulacrum vaporises!
The orb spider weaves a glowing orb of energy.
The moth of wrath simulacrum bites you.
* * * LOW HITPOINT WARNING * * *
The moth of wrath simulacrum freezes you!!
You die...

..#...# #############{ #...#..
†#.#.^# { .$##.$ ##.#... †.^...#
{ ..?.. {##....# .##...# ...#
#.#.##. ..######.. ##..# ###
######. ..# ^...####...##.s.. #..
..# .......T.#....... ##. .## {
^...##s*○.Z...# #.. .#####
########†@########## {#..
....?###.#.#.##.†.####..#.# ##.
......##......##..#.......# ##.
..#.(.#..#....#...#...##..# #..
)######...#####..######...#####..
.#........#####.....#)##......##.
..........#.....#.....#..........
.#^..##.#.#^#.#...##..#.#....#.#.
..#..###### ####..#############..


You could see an orb spider (ally target), a jumping spider, a moth of wrath
simulacrum and a friendly deep troll (summoned, berserk).

Vanquished Creatures
  A shard shrike (IceCv)
  Arachne (Spider:2)
  2 ghost moths
  The ghost of turdburglar the Blocker, a journeyman GnWn of Dithmenos (Orc:2)
  A broodmother (Spider:1)
  A dire elephant (D:15)
  A white draconian (IceCv)
  A minotaur (Gauntlet)
  Snorg (D:13)
  An ettin (Orc:2)
  Josephine (D:13)
  A fire dragon (D:14)
  An entropy weaver (Spider:2)
  6 hydras
  Harold (D:9)
  4 ogre magi (Orc:2)
  Fannar (Lair:3)
  2 ice dragons (IceCv)
  3 radroaches
  3 catoblepae
  3 ironbound frosthearts (IceCv)
  5 centaur warriors
  16 two-headed ogres
  A dancing weapon (Volcano)
  5 boulder beetles
  6 death yaks (Gauntlet)
  3 tengu warriors
  An orc high priest (Orc:1)
  A skyshark (Lair:5)
  Sonja (Lair:2)
  A fire crab (shapeshifter) (D:14)
  7 pharaoh ants
  6 orb spiders
  An orange crystal statue (IceCv)
  Pikel (D:5)
  2 harpies (Lair:3)
  6 wizards
  2 deep elf pyromancers
  A steelbarb worm (Spider:1)
  2 orc knights
  An orc sorcerer (Orc:1)
  7 wolf spiders
  7 cyclopes
  22 ugly things
  Maurice (D:10)
  4 moths of wrath
  A salamander (D:15)
  3 manticores
  6 elephants (Lair:3)
  Joseph (D:7)
  7 black mambas
  5 toenail golems (Volcano)
  6 demonic crawlers
  4 gargoyles (D:7)
  20 cane toads
  4 torpor snails
  15 rime drakes
  An efreet (D:15)
  11 komodo dragons
  A kobold demonologist (D:10)
  5 yaktaurs (D:15)
  2 tengu conjurers
  A tyrant leech (Lair:5)
  A hornet (Lair:4)
  15 polar bears (IceCv)
  4 meliai
  4 trolls
  Grinder (D:3)
  14 tarantellas
  10 dream sheep (Lair:3)
  26 blink frogs
  A centaur simulacrum (D:15)
  5 slime creatures
  Sigmund (D:5)
  6 culicivoras
  7 wyverns
  15 jumping spiders
  31 yaks
  3 vampires
  7 basilisks
  16 humans (D:14)
  8 wraiths
  2 steam dragons
  A warg (shapeshifter) (D:14)
  19 redbacks
  Menkaure (D:7)
  15 vampire mosquitoes
  3 wargs (Orc:2)
  14 water moccasins
  4 acid dragons
  Duvessa (D:7)
  16 orc warriors
  4 black bears
  A hornet zombie (Ossuary)
  22 ogres
  4 wolves (Gauntlet)
  6 centaurs
  2 kobold brigands
  A phantom (D:6)
  18 bullfrogs
  A wyvern zombie (Ossuary)
  2 scorpions
  2 water moccasin zombies (Ossuary)
  A gnoll sergeant (D:12)
  9 wights
  Dowan (D:7)
  3 killer bees (D:8)
  6 howler monkeys
  3 electric eels (Lair:5)
  9 bullfrog zombies (Ossuary)
  2 jellies (Lair:5)
  9 centaur zombies (Ossuary)
  4 hounds
  9 orc priests
  Crazy Yiuf (D:2)
  Jessica (D:3)
  2 gnoll boudas
  5 iguanas
  21 orc wizards
  2 sleepcaps (D:5)
  2 killer bee zombies (Ossuary)
  10 mummies (Ossuary)
  2 howler monkey zombies (Ossuary)
  15 gnolls
  8 adders
  3 white imps
  An ufetubus (D:7)
  A worm (D:5)
  2 dart slugs
  72 orcs
  5 ball pythons
  5 bats
  A bat zombie (D:2)
  3 endoplasms
  2 giant cockroaches (D:4)
  5 hobgoblins
  16 kobolds
  4 quokkas
  A ball python skeleton (D:2)
  2 frilled lizards
  A giant cockroach zombie (D:2)
  8 goblins
  A jackal zombie (D:2)
  6 rats
818 creatures vanquished.

Vanquished Creatures (collateral kills)
  A two-headed ogre (Orc:2)
  A moth of wrath (Spider:2)
  A culicivora (Spider:2)
  6 ogres (Orc:2)
9 creatures vanquished.

Vanquished Creatures (others)
  An orc (D:5)
1 creature vanquished.

Grand Total: 828 creatures vanquished

Notes
Turn   | Place    | Note
-------+----------+-------------------------------------------
     0 | D:1      | Kranky the Minotaur Berserker began the quest for the Orb.
     0 | D:1      | Reached XP level 1. HP: 19/19 MP: 0/0
   303 | D:1      | Reached XP level 2. HP: 27/27 MP: 1/1
   798 | D:2      | Reached skill level 4 in Fighting
   853 | D:2      | Found a sparkling altar of Nemelex Xobeh.
   897 | D:2      | Reached ** piety under Trog
   898 | D:2      | Reached XP level 3. HP: 33/33 MP: 2/2
  1193 | D:2      | Found a runed translucent door.
  1194 | D:2      | Noticed Crazy Yiuf
  1342 | D:2      | Killed Crazy Yiuf
  1343 | D:2      | Reached XP level 4. HP: 30/41 MP: 3/3
  1467 | D:3      | Found a faded altar of an unknown god.
  1621 | D:3      | Noticed Jessica
  1625 | D:3      | Killed Jessica
  1677 | D:3      | Noticed Grinder
  1694 | D:3      | Killed Grinder
  1695 | D:3      | Reached skill level 5 in Fighting
  1695 | D:3      | Reached skill level 5 in Polearms
  1695 | D:3      | Reached XP level 5. HP: 31/48 MP: 4/4
  1695 | D:3      | Reached XP level 6. HP: 36/56 MP: 5/5
  2320 | D:4      | Found Dotolith's Assorted Antiques.
  2324 | D:4      | Bought a scroll labelled XOIS DITHAOHO for 24 gold pieces
  2324 | D:4      | Bought a fizzy golden potion for 21 gold pieces
  2324 | D:4      | Bought a lumpy dark potion for 21 gold pieces
  2324 | D:4      | Bought a scroll labelled ZIPAOS WUN for 24 gold pieces
  2324 | D:4      | Bought a glowing brown potion for 21 gold pieces
  2455 | D:4      | Found an ancient bone altar of Kikubaaqudgha.
  3116 | D:5      | Entered Level 5 of the Dungeon
  3119 | D:5      | Noticed Sigmund
  3131 | D:5      | Killed Sigmund
  3132 | D:5      | Reached skill level 5 in Armour
  3132 | D:5      | Reached XP level 7. HP: 61/62 MP: 6/6
  3147 | D:5      | Found a stormy altar of Qazlal.
  3167 | D:5      | Reached skill level 6 in Fighting
  3270 | D:5      | Noticed a steam dragon
  3289 | D:5      | Killed a steam dragon
  3290 | D:5      | Reached skill level 5 in Dodging
  3300 | D:5      | Identified the +2 chain mail of the Blizzard {Int+3}
  3330 | D:5      | Reached *** piety under Trog
  3375 | D:5      | Reached XP level 8. HP: 47/71 MP: 7/7
  3377 | D:5      | Noticed Pikel
  3390 | D:5      | Killed Pikel
  3391 | D:5      | Reached skill level 7 in Fighting
  3426 | D:5      | Found a sand-covered staircase.
  3431 | Ossuary  | Entered an ossuary
  3606 | Ossuary  | Reached XP level 9. HP: 81/81 MP: 8/8
  3631 | Ossuary  | Reached skill level 8 in Fighting
  3807 | Ossuary  | Reached **** piety under Trog
  4008 | D:5      | Identified the +8 sling of Sin {heavy, MP+9 Int+8}
  4984 | D:6      | Found a staircase to the Ecumenical Temple.
  5083 | D:6      | Reached skill level 9 in Fighting
  5092 | D:6      | HP: 6/124 [something (5)]
  5344 | D:6      | Found an opulent altar of Gozag.
  5364 | D:6      | Reached ***** piety under Trog
  5601 | D:6      | Identified the +0 sling "Yngali Elui" {heavy, rElec Str+5
                  | Int+8 Stlth-}
  6074 | D:7      | Noticed Menkaure
  6077 | D:7      | Killed Menkaure
  6147 | D:7      | Reached XP level 10. HP: 86/91 MP: 9/9
  6288 | D:7      | Noticed Dowan
  6292 | D:7      | Killed Dowan
  6293 | D:7      | Noticed Duvessa
  6295 | D:7      | Noticed Joseph
  6310 | D:7      | Killed Duvessa
  6310 | D:7      | Paralysed by Joseph for 4 turns
  6325 | D:7      | Killed Joseph
  6754 | D:7      | Noticed a gargoyle
  6764 | D:7      | Killed a gargoyle
  6765 | D:7      | Reached skill level 10 in Fighting
  6765 | D:7      | Reached skill level 10 in Polearms
  6831 | D:7      | Noticed a gargoyle
  6835 | D:7      | Killed a gargoyle
  6882 | D:7      | Noticed a gargoyle
  6892 | D:7      | Killed a gargoyle
  6993 | D:7      | Noticed a gargoyle
  7000 | D:7      | Killed a gargoyle
  7001 | D:7      | Reached skill level 10 in Armour
  7348 | D:8      | Found a blossoming altar of Fedhas.
  7351 | D:8      | Found a hide-covered altar of Uskayaw.
  7354 | D:8      | Found a snail-covered altar of Cheibriados.
  7357 | D:8      | Found a shimmering blue altar of Sif Muna.
  7529 | D:8      | Found a white marble altar of Elyvilon.
  7822 | D:8      | Found a staircase to the Lair.
  7856 | D:8      | Reached XP level 11. HP: 96/101 MP: 10/10
  8324 | D:8      | Identified a scroll of acquirement
  8324 | D:8      | Acquired a manual of Fighting
  8336 | D:9      | Noticed Harold
  8353 | D:9      | Killed Harold
  8354 | D:9      | Reached skill level 11 in Fighting
  8478 | D:9      | Reached skill level 1 in Evocations
  8622 | D:9      | Reached skill level 10 in Dodging
  9157 | D:9      | Reached skill level 12 in Fighting
  9204 | D:10     | Entered Level 10 of the Dungeon
  9237 | D:10     | Found a runed translucent door.
  9238 | D:10     | Found a burning altar of Makhleb.
  9238 | D:10     | Noticed a sixfirhy
  9411 | D:10     | Received a gift from Trog
  9753 | D:10     | Noticed a purple ugly thing
  9765 | D:10     | Killed a purple ugly thing
  9908 | D:10     | Found a sacrificial altar of Ru.
 10045 | D:10     | Noticed Maurice
 10181 | D:10     | Killed Maurice
 10182 | D:10     | Reached skill level 13 in Fighting
 11144 | D:11     | Noticed a centaur warrior
 11146 | D:11     | Noticed a boulder beetle
 11154 | D:11     | Killed a centaur warrior
 11175 | D:11     | Killed a boulder beetle
 11176 | D:11     | Reached XP level 12. HP: 46/115 MP: 3/11
 11577 | D:11     | Noticed a two-headed ogre
 11585 | D:11     | Killed a two-headed ogre
 11909 | D:12     | Found a staircase to the Orcish Mines.
 11956 | D:12     | Reached skill level 14 in Fighting
 11977 | D:12     | Found a gate leading to a gauntlet.
 11992 | Gauntlet | Entered a Gauntlet
 11992 | Gauntlet | Noticed a tengu warrior
 11992 | Gauntlet | Found a transporter.
 11992 | Gauntlet | Found a transporter.
 11992 | Gauntlet | Found a transporter.
 11993 | Gauntlet | Found a transporter.
 11995 | Gauntlet | Found the +2 hood of the Assassin {Detect Stab+ Stlth++}
 11996 | Gauntlet | Found a transporter.
 11996 | Gauntlet | Found a transporter.
 12010 | Gauntlet | Found a transporter.
 12012 | Gauntlet | Found a transporter.
 12021 | Gauntlet | Noticed a death scarab
 12028 | Gauntlet | Noticed a death scarab
 12031 | Gauntlet | Found a transporter.
 12031 | Gauntlet | Noticed a death yak
 12032 | Gauntlet | Noticed a death yak
 12035 | Gauntlet | Noticed a death yak
 12036 | Gauntlet | Noticed a death yak
 12036 | Gauntlet | Noticed a death yak
 12040 | Gauntlet | Noticed a death yak
 12123 | Gauntlet | Found a transporter.
 12127 | Gauntlet | Found a transporter.
 12141 | Gauntlet | Found a transporter.
 12308 | Gauntlet | Killed a tengu warrior
 12309 | Gauntlet | Reached skill level 5 in Evocations
 12406 | Gauntlet | Killed a death yak
 12412 | Gauntlet | Killed a death yak
 12419 | Gauntlet | Killed a death yak
 12424 | Gauntlet | Killed a death yak
 12425 | Gauntlet | Reached skill level 15 in Fighting
 12429 | Gauntlet | Killed a death yak
 12441 | Gauntlet | Killed a death yak
 12781 | Gauntlet | Noticed a minotaur
 12788 | Gauntlet | Killed a minotaur
 12788 | Gauntlet | Identified the +8 bardiche of Trog's Envy {antimagic, rPois
                  | Dex+5} (Trog gifted it to you in a Gauntlet)
 12788 | Gauntlet | Received a gift from Trog
 13036 | D:12     | Noticed a catoblepas
 13039 | D:12     | Killed a catoblepas
 13130 | D:12     | Noticed a two-headed ogre
 13132 | D:12     | Killed a two-headed ogre
 13310 | D:12     | Reached XP level 13. HP: 83/126 MP: 4/12
 13767 | Lair:1   | Entered Level 1 of the Lair of Beasts
 13821 | Lair:1   | Reached skill level 16 in Fighting
 14758 | Lair:2   | Noticed Sonja
 14762 | Lair:2   | Killed Sonja
 15225 | Lair:2   | Found a hole to the Spider Nest.
 16250 | Lair:3   | Reached skill level 17 in Fighting
 16808 | Lair:3   | Noticed Fannar
 16819 | Lair:3   | Killed Fannar
 16956 | Lair:3   | Found a staircase to the Shoals.
 17550 | Lair:4   | Reached skill level 15 in Polearms
 17599 | Lair:4   | Found a dark tunnel.
 17607 | Volcano  | Entered a volcano
 17619 | Volcano  | Reached skill level 1 in Shields
 17685 | Volcano  | Reached XP level 14. HP: 141/141 MP: 4/13
 17947 | Lair:4   | Reached skill level 15 in Armour
 18192 | Lair:4   | Reached skill level 18 in Fighting
 18589 | Lair:5   | Entered Level 5 of the Lair of Beasts
 19214 | Lair:5   | Reached skill level 5 in Shields
 19264 | Lair:5   | Received a gift from Trog
 19638 | Lair:5   | Reached ****** piety under Trog
 19819 | Lair:5   | Found a staircase to the Slime Pits.
 20588 | Orc:1    | Entered Level 1 of the Orcish Mines
 20995 | Orc:2    | Entered Level 2 of the Orcish Mines
 20997 | Orc:2    | Found a staircase to the Elven Halls.
 21167 | Orc:2    | Paralysed by something for 3 turns
 21192 | Orc:2    | Reached XP level 15. HP: 50/151 MP: 4/14
 21622 | Orc:2    | Found Ewij's Magic Scroll Shoppe.
 21623 | Orc:2    | Found Vameeky's Distillery.
 21623 | Orc:2    | Found Ituweopp's Assorted Antiques.
 21623 | Orc:2    | Found Vumaej's Antique Weapon Shop.
 21637 | Orc:2    | Received a gift from Trog
 21641 | Orc:2    | Reached skill level 19 in Fighting
 21956 | Orc:2    | Noticed turdburglar's ghost (journeyman GnWn)
 21956 | Orc:2    | Identified the +1 great mace of Jeczu {venom, rF+ rCorr
                  | Dex-4}
 21959 | Orc:2    | Found a transporter.
 22045 | Orc:2    | Found a transporter.
 22251 | Orc:2    | Killed turdburglar's ghost
 22348 | Orc:2    | Bought a silvery potion for 25 gold pieces
 22351 | Orc:2    | Bought a potion of cancellation for 104 gold pieces
 22946 | D:13     | Noticed Snorg
 22960 | D:13     | Killed Snorg
 23255 | D:13     | Found an iron altar of Okawaru.
 23343 | D:13     | Noticed Josephine
 23347 | D:13     | Killed Josephine
 24054 | D:14     | Received a gift from Trog
 24107 | D:14     | Found a gate to the Vaults.
 24331 | D:14     | Found a frozen archway.
 24390 | IceCv    | Entered an ice cave
 24777 | IceCv    | Noticed a shard shrike
 24798 | IceCv    | Killed a shard shrike
 24799 | IceCv    | Reached skill level 10 in Shields
 24803 | IceCv    | Reached XP level 16. HP: 115/162 MP: 5/15
 24975 | IceCv    | Identified the staff of fire "Lacvyh" {rF+ Will+}
 25058 | IceCv    | Reached skill level 20 in Fighting
 25654 | D:14     | Found a basalt altar of Yredelemnul.
 26085 | D:15     | Entered Level 15 of the Dungeon
 26929 | D:15     | Found a staircase to the Depths.
 27752 | Spider:1 | Entered Level 1 of the Spider Nest
 27898 | Lair:2   | Received a gift from Trog
 27935 | Lair:2   | Gained mutation: Your spells are a little easier to cast,
                  | but a little less powerful. [mutagenic glow]
 29109 | Spider:2 | Noticed Arachne
 29133 | Spider:2 | Killed Arachne
 29334 | Spider:2 | Reached skill level 21 in Fighting
 29610 | Spider:2 | Received a gift from Trog
 30499 | Spider:2 | Reached XP level 17. HP: 173/173 MP: 5/16
 30518 | Spider:2 | Slain by a moth of wrath simulacrum

Illustrated notes

Levels and vault maps discovered:
D:1:      minmay_arrival_split_and_join, layout_rooms, roderic_roman_lattice
D:2:      layout_loops_ring, serial_undead, serial_undead_d, serial_undead_e,
          serial_undead_a, serial_undead_e, serial_undead_d, basic_altar,
          uniq_crazy_yiuf_cottage
D:3:      layout_basic, nicolae_ecumenical_pavilion, uniq_jessica, uniq_grinder
D:4:      layout_loops_ring, lemuel_tele_altar, serial_shops, shop
D:5:      layout_loops_cross, mainiacjoe_overflow_concentric_impassable,
          enter_ossuary_2, minmay_quadrilaterals, uniq_sigmund, uniq_pikel
D:6:      layout_basic, kennysheep_mini_moat, minmay_temple_entry_crystal_x
D:7:      cheibrodos_statue_roulette, layout_loops_corners, minivault_5,
          uniq_duvessa, uniq_menkaure, uniq_joseph
D:8:      layout_basic, lemuel_round_altar, grunt_temple_overflow_cloverleaf,
          david_lair_generic, serial_corexii_hall, corexii_hall_statues_x,
          chequers_hall_statues_corner_a, corexii_hall_statues_i,
          chequers_hall_statues_y, chequers_hall_statues_corner_a,
          corexii_hall_statues_t, minivault_11
D:9:      layout_gridville, uniq_harold
D:10:     layout_irregular_city, nzn_makhleb_speed_demon, marbit_many_paths,
          lemuel_flame_loot_1, uniq_maurice
D:11:     layout_irregular_city
D:12:     layout_roguey, orc_0_dummy, gauntlet_entry_generic, minmay_checkerbox
D:13:     layout_loops_corners, serial_glass, glass_columns_a, glass_columns_b,
          hellmonk_okawaru_the_only_friend_you_need, uniq_josephine, uniq_snorg
D:14:     layout_loops_cross, david_vaults_3, portal_ice_cave_entry_pillars_2,
          yredelemnul_altar_generic
D:15:     hangedman_depths_entry_try_elsewhere_first, layout_loops_ring,
          nicolae_concentric_dashed_squares_wild
Lair:1:   wad_woods_structure_01, layout_gridlike
Lair:2:   layout_cave_pods, spider_nest_entry_a, uniq_sonja
Lair:3:   layout_roguey, nicolae_shoals_entry_roost, nzn_sisyphean_effort,
          grunt_megastairs_5, uniq_fannar
Lair:4:   layout_concentric_octagons, enter_volcano_2
Lair:5:   minmay_lair_end_frog_pond, layout_hall_layers,
          minmay_slime_entry_pillars
Spider:1: layout_spider_delve
Spider:2: nicolae_spider_hilbert_zone_1 [nicolae_spider_hilbert_4_sides_1_open,
          nicolae_spider_hilbert_4_sides_1_open,
          nicolae_spider_hilbert_4_sides_1_open,
          nicolae_spider_hilbert_4_sides_1_open,
          nicolae_spider_hilbert_3_sides_1_open,
          nicolae_spider_hilbert_3_sides_1_open,
          nicolae_spider_hilbert_3_sides_1_open,
          nicolae_spider_hilbert_3_sides_1_open,
          nicolae_spider_hilbert_3_sides_1_open,
          nicolae_spider_hilbert_6_sides_1_open,
          nicolae_spider_hilbert_6_sides_1_open,
          nicolae_spider_hilbert_3_sides_1_open,
          nicolae_spider_hilbert_3_sides_1_open,
          nicolae_spider_hilbert_3_sides_1_open,
          nicolae_spider_hilbert_3_sides_1_open,
          nicolae_spider_hilbert_2_sides_1_open], ebering_ghost_reflecting_pool,
          uniq_arachne
Orc:1:    layout_diamond_mine, basic_altar
Orc:2:    st_orc_ogre_mass, layout_caves, gammafunk_ghost_smash

Skill      XL: |  1  2  3  4  5  6  7  8  9 10 11 12 13 14 15 16 |
---------------+-------------------------------------------------+-----
Fighting       | 4 5 6 7 9 10 13 15 17 18 19 21 | 21.3
Polearms       | 4 5 6 7 9 10 12 13 15 16 17 19 | 19.3
Armour         | 3 4 5 6 7 9 10 12 13 14 16 17 19 | 19.1
Dodging        | 3 4 5 6 8 9 10 | 10.0
Evocations     | 4 6 8 |  8.0
Shields        | 1 7 10 | 10.0

Action                     |  1- 3 |  4- 6 |  7- 9 | 10-12 | 13-15 | 16-18 || total
---------------------------+-------+-------+-------+-------+-------+-------++-------
  Melee: Spear             |    95 |    28 |       |       |       |       ||   123
         Headbutt          |     9 |    16 |    63 |   123 |   153 |    78 ||   442
         Trident           |       |    76 |   371 |   474 |       |       ||   921
         Punch             |       |       |     5 |    10 |       |       ||    15
         Demon trident     |       |       |       |   185 |       |       ||   185
         Unarmed           |       |       |       |    19 |       |       ||    19
         Bardiche          |       |       |       |    25 |   880 |   399 ||  1304
 Invoke: Berserk           |       |       |     2 |     1 |       |       ||     3
         Trog's Hand       |       |       |       |     2 |     5 |     1 ||     8
         Brothers in Arms  |       |       |       |       |     1 |     1 ||     2
  Evoke: Wand              |       |       |       |     2 |       |     4 ||     6
    Use: Scroll            |       |       |    15 |    10 |     4 |       ||    29
         Potion            |       |       |       |       |       |     2 ||     2
   Stab: Distracted        |       |       |     2 |       |     2 |       ||     4
 Armour: Animal skin       |    18 |       |       |       |       |       ||    18
         Leather armour    |       |     5 |       |       |       |       ||     5
         Chain mail        |       |    15 |   243 |   278 |   299 |    55 ||   890
         Scale mail        |       |    11 |       |       |       |       ||    11
         Plate armour      |       |       |       |       |   187 |   311 ||   498
  Dodge: Dodged            |    40 |    34 |   184 |   269 |   588 |   370 ||  1485
  Block: Other             |       |       |       |       |       |   103 ||   103
         Reflection        |       |       |       |       |       |     3 ||     3
